 Dungeon Crawl Stone Soup version 0.19-a0-1653-g922d709 (webtiles) character file.

375 Sixotanaka the Caller (level 6, -4/41 HPs)
             Began as a Vampire Summoner on Sept 19, 2016.
             Killed from afar by jimeh's ghost (14 damage)
             ... with a spray of energy
             ... on level 3 of the Dungeon.
             The game lasted 00:15:31 (4129 turns).

Sixotanaka the Caller (Vampire Summoner)            Turns: 4129, Time: 00:15:32

Health: -4/41      AC:  3    Str:  7    XL:     6   Next: 44%
Magic:  3/9        EV: 12    Int: 19    God:
Gold:   165        SH:  3    Dex: 15    Spells: 2 memorised, 5 levels left

rFire  + . .     SeeInvis +     p - +3 dagger (protect)
rCold  + . .     Gourm    .     k - +0 robe {rF+}
rNeg   + + .     Faith    .     j - +0 buckler
rPois  +         Spirit   .     e - +0 helmet
rElec  .         Dismiss  .     (no cloak)
rCorr  .         Reflect  .     (no gloves)
MR     .....     Harm     .     (no boots)
Stlth  +++.......               (no amulet)
                                (no ring)
                                (no ring)

@: regenerating slowly
A: fangs 3, see invisible, unbreathing
a: Bat Form


You were on level 3 of the Dungeon.
You were thirsty.

You visited 1 branch of the dungeon, and saw 4 of its levels.

You collected 165 gold pieces.


Innate Abilities, Weirdness & Mutations

You heal slowly.
You have razor-sharp teeth.
You have supernaturally acute eyesight. (SInv)
You can survive without breathing.


   Skills:
 - Level 2.1 Dodging
 - Level 3.0 Stealth
 - Level 2.0 Spellcasting
 + Level 7.8 Summonings


You had 5 spell levels left.
You knew the following spells:

 Your Spells              Type           Power        Failure   Level  Hunger
a - Summon Small Mammal   Summ           ####         1%          1    #......
b - Call Canine Familiar  Summ           ####....     4%          3    ###....


Dungeon Overview and Level Annotations

Branches:
Dungeon (4/15)
 Temple: D:4-7

Altars:
Cheibriados
Elyvilon
Nemelex Xobeh
Ru
Uskayaw
Vehumet

Shops:
D:4 =

Annotations:
D:2 1 runed door
D:3 jimeh's ghost, amateur DECj
D:4 TheGoonsmith's ghost, amateur TrMo

Inventory:

Hand Weapons
 g - a +1 dagger of speed
   (You took it off a kobold on level 1 of the Dungeon)
 p - a +3 dagger of protection (weapon)
   (You took it off a goblin on level 2 of the Dungeon)
Missiles
 f - 46 poisoned needles
Armour
 e - a +0 helmet (worn)
   (You took it off Robin on level 3 of the Dungeon)
 j - a +0 buckler (worn)
   (You found it on level 3 of the Dungeon)
 k - a +0 robe of fire resistance (worn)
   (You found it on level 1 of the Dungeon)
Wands
 l - a wand of digging (13/24)
   (You found it on level 3 of the Dungeon)
Scrolls
 d - 2 scrolls of blinking
 i - a scroll of identify {@r1}
 n - 2 scrolls of amnesia {unknown}
Potions
 a - 2 potions of lignification {unknown}
 c - 26 potions of blood {@q0}
 h - a potion of haste {unknown}
 m - 3 potions of heal wounds {unknown}
 o - a potion of flight {unknown}
Books
 b - a book of Callings
 q - a Young Poisoner's Handbook
   (You found it on level 2 of the Dungeon)

*,*#,*#........# #.......
*,**.##.....)..## #.......
*,,,,...........# #.##....
#.##,*#.........###.##.##.
#....##................##.
#........rb####.###.#####.
#..####.##W####.# #.#####.
#.......##......# #...>...
##.......@...#### #.....##
######.#.##.# #.###.#*
#############.###.##
##..###..##...#....,
##.##.##.###.#.#.#.##
#_#.##)##.#..#.#.#.#*
####.##(##.###.....#
#..###(.###.....)# ####
#### #.##...#


You could see jimeh's ghost and a friendly bat.


Message History

You see here 3 stones.
You are feeling thirsty.
Found a club.
Natasha, Servant of Life and Death comes into view.
Natasha casts a spell at you. The magic dart hits you!
Natasha is nearby!
You hear a zap.
Some rock shatters into small pieces.
Natasha misses your hound.
Your hound barely misses Natasha.
Your hound completely misses Natasha.
Natasha closely misses your hound.
Your hound bites Natasha.
Natasha closely misses your hound.
Your hound barely misses Natasha.
Your hound closely misses Natasha.
Natasha claws you!
You barely miss Natasha.
Your hound bites Natasha.
Natasha claws your hound.
Your hound bites Natasha.
Natasha dies!
Natasha screams in fury as she dies!
Jimeh's ghost gestures at you while chanting.
The spray of energy hits you!
* * * LOW HITPOINT WARNING * * *
The spray of energy hits your hound.
Your hound dies!
Your hound's corpse disappears in a puff of smoke!
You swap places.
Your hound bites jimeh's ghost.
Your hound bites jimeh's ghost but does no damage.
Jimeh's ghost points at you and mumbles some strange words.
The spray of energy hits your hound.
Your hound bites jimeh's ghost.
Your bat barely misses jimeh's ghost.
Your hound bites jimeh's ghost.
Jimeh's ghost hits your hound.
Your hound dies!
Your hound's corpse disappears in a puff of smoke!
You don't have enough magic to cast that spell.
Your rat bites jimeh's ghost but does no damage.
Your rat barely misses jimeh's ghost.
You see here the felid corpse of Natasha.
You bottle the corpse's blood.
Your bat closely misses jimeh's ghost.
You see here a potion of blood {@q0}.
c - 26 potions of blood {@q0} (gained 1) Jimeh's ghost hits you.
* * * LOW HITPOINT WARNING * * *
Your rat closely misses jimeh's ghost.
Your bat hits jimeh's ghost but does no damage.
Your bat hits jimeh's ghost.
Your bat hits jimeh's ghost but does no damage.
Jimeh's ghost points at you and mumbles some strange words.
The spray of energy hits you!
You die...

Vault maps used:
D:1:      minmay_arrival_hallway, minmay_door_square, minmay_pentomino_u2
D:2:      kennysheep_slug_shrine, nemelex_xobeh_ov_fountains_minmay,
          uniq_crazy_yiuf_cottage
D:3:      marbit_many_paths, lemuel_crystal_altar,
          gammafunk_temple_overflow_wave, ecumenical_altar_1,
          kennysheep_generic_room_2, uniq_robin, uniq_natasha, uniq_grinder
D:4:      first_bread, serial_shops, shop, kennysheep_little_box,
          nicolae_shop_trees, nicolae_shop_behind_doors,
          nicolae_shop_competitors_out_of_business

Vanquished Creatures
  An orc wizard (D:3)
  A gnoll (D:4)
  2 adders
  A dart slug (D:1)
  4 leopard geckos (D:3)
  3 orcs (D:3)
  6 bats
  A giant cockroach (D:1)
  7 goblins
  3 hobgoblins
  A jackal (D:2)
  4 kobolds
  A quokka (D:3)
  3 ball pythons
  4 frilled lizards
  5 rats
47 creatures vanquished.

Vanquished Creatures (collateral kills)
  Grinder (D:3)
  An ogre (D:2)
  A howler monkey (D:4)
  An iguana (D:4)
  Natasha (twice) (D:3)
  A hound zombie (D:3)
  Robin (D:3)
  3 gnolls
  2 adders
  2 oozes (D:2)
  A worm (D:3)
  2 dart slugs (D:2)
  A leopard gecko (D:2)
  An orc (D:3)
  2 bats (D:3)
  A giant cockroach (D:4)
  11 goblins
  6 hobgoblins
  A quokka (D:3)
  4 frilled lizards
  8 kobolds
  2 rats
55 creatures vanquished.

Grand Total: 102 creatures vanquished

Table legend:
 A = Turns spent in this place as a percentage of turns spent in the entire game.
 B = Non-inter-level travel turns spent in this place as a percentage of non-inter-level travel turns spent in the entire game.
 C = Inter-level travel turns spent in this place as a percentage of turns spent in this place.
 D = Turns resting spent in this place as a percentage of non-inter-level travel turns spent in this place.
 E = Turns spent auto-exploring this place as a percentage of non-inter-level travel turns spent in this place.
 F = Non-inter-level travel turns spent in this place divided by the number of levels of this place that you've seen.
                   A       B       C       D       E      F
               +-------+-------+-------+-------+-------+----------------------
         Total | 100.0 | 100.0 |   0.5 |   5.6 |  10.4 | 378.5
       Dungeon | 100.0 | 100.0 |   0.5 |   5.6 |  10.4 | 378.5
               +-------+-------+-------+-------+-------+----------------------

Table legend:
 A = Kills in this place as a percentage of kills in entire the game.
 B = Kills by you in this place as a percentage of kills by you in the entire game.
 C = Kills by friends in this place as a percentage of kills by friends in the entire game.
 D = Other kills in this place as a percentage of other kills in the entire game.
 E = Experience gained in this place as a percentage of experience gained in the entire game.
 F = Experience gained in this place divided by the number of levels of this place that you have seen.
                   A       B       C       D       E      F
               +-------+-------+-------+-------+-------+----------------------
         Total | 100.0 | 100.0 | 100.0 |  -nan | 100.0 | 134.0
       Dungeon | 100.0 | 100.0 | 100.0 |  -nan | 100.0 | 134.0
               +-------+-------+-------+-------+-------+----------------------

Notes
Turn   | Place    | Note
-------+----------+-------------------------------------------
     0 | D:1      | Sixotanaka the Vampire Summoner began the quest for the Orb.
     0 | D:1      | Reached XP level 1. HP: 13/13 MP: 3/3
   161 | D:1      | Reached XP level 2. HP: 13/19 MP: 5/5
  1074 | D:2      | Reached skill level 5 in Summonings
  1074 | D:2      | Reached XP level 3. HP: 24/24 MP: 6/6
  1083 | D:2      | Learned a level 3 spell: Call Canine Familiar
  1221 | D:2      | Found a runed door.
  1284 | D:2      | Found a sparkling altar of Nemelex Xobeh.
  1620 | D:2      | Found a snail-covered altar of Cheibriados.
  2091 | D:2      | Noticed an ogre
  2101 | D:2      | Killed an ogre
  2101 | D:2      | Reached XP level 4. HP: 26/30 MP: 0/7
  2430 | D:3      | Reached skill level 6 in Summonings
  2491 | D:3      | Found a hide-covered altar of Uskayaw.
  2508 | D:3      | Noticed Robin
  2551 | D:3      | Killed Robin
  2551 | D:3      | Reached XP level 5. HP: 34/35 MP: 4/8
  2588 | D:3      | Noticed Grinder
  2609 | D:3      | Killed Grinder
  2609 | D:3      | Reached skill level 7 in Summonings
  2665 | D:3      | Found a faded altar of an unknown god.
  2753 | D:3      | Noticed Natasha
  2769 | D:3      | Killed Natasha
  2862 | D:3      | Found a sacrificial altar of Ru.
  2916 | D:3      | Noticed jimeh's ghost (amateur DECj)
  2929 | D:3      | Reached XP level 6. HP: 35/41 MP: 4/9
  3496 | D:3      | Found a white marble altar of Elyvilon.
  3496 | D:3      | Found a radiant altar of Vehumet.
  3558 | D:4      | Found Lourch's Jewellery Shoppe.
  3891 | D:4      | Noticed TheGoonsmith's ghost (amateur TrMo)
  4065 | D:3      | Found a sacrificial altar of Ru.
  4104 | D:3      | Noticed Natasha
  4114 | D:3      | Killed Natasha
  4127 | D:3      | HP: 10/41 [jimeh's ghost (5)]
  4129 | D:3      | Killed from afar by jimeh's ghost

Action                   |  1- 3 |  4- 6 || total
-------------------------+-------+-------++-------
Melee: Dagger            |    77 |    91 ||   168
       Bite              |     6 |     5 ||    11
 Cast: Summon Small Mamm |    42 |    11 ||    53
       Call Canine Famil |     5 |    23 ||    28
  Use: Scroll            |     4 |       ||     4
       Potion            |     3 |     7 ||    10
 Stab: Sleeping          |     7 |     7 ||    14
       Distracted        |     1 |     1 ||     2
Armor: Robe              |     8 |    23 ||    31
Dodge: Dodged            |    33 |    51 ||    84
Block: Buckler           |       |     4 ||     4
